Map: Rainfall LE

Players

saga

  • Race: Terran Terran
  • League: Diamond

IlIlIlIlIlIl - Winner!

  • Race: Terran Terran
  • League: Diamond

VOD

Have the link to the VOD?

Description

Time

  • Played on: Oct. 5, 2026, 12:02 p.m.
  • Length: 22:58
Show
View Real Time Build Order
Export as new Build Order

saga Terran 

Build Orders:  

Get SALT Encoding   

  8  0:01  SCV  
  9  0:13  SCV  
  10  0:25  SCV  
  11  0:29  Supply Depot  
  11  0:37  SCV  
  12  0:53  Barracks  
  12  0:57  SCV  
  13  1:05  Refinery  
  13  1:09  SCV  
  14  1:19  Refinery  
  14  1:23  SCV  
  15  1:37  SCV  
  16  1:50  Reaper  
  16  1:51  Orbital Command  
  17  2:09  Factory  
  17  2:17  SCV  
  18  2:26  Reaper  
  18  2:29  Supply Depot  
  19  2:33  SCV  
  20  2:45  SCV  
  21  2:55  Hellion  
  21  2:58  SCV  
  24  3:00  Reaper  
  25  3:08  Command Center  
  25  3:14  SCV  
  25  3:16  Hellion  
  28  3:22  Supply Depot  
  28  3:27  SCV  
  29  3:37  Barracks Reactor  
  29  3:38  Factory Tech Lab  
  29  3:44  SCV  
  29  3:46  Starport  
  30  3:56  SCV  
  30  3:59  Cyclone  
  34  4:08  SCV  
  35  4:16  Marine x2  
  37  4:22  Refinery  
  36  4:33  Siege Tank  
  36  4:34  Starport Tech Lab, Marine  
  39  4:38  Orbital Command  
  39  4:41  SCV  
  40  4:47  Marine  
  41  4:53  Marine  
  41  4:56  SCV  
  41  4:57  Raven, Interference Matrix  
  45  5:02  Supply Depot  
  45  5:05  SCV  
  46  5:10  Siege Tank  
  49  5:17  SCV  
  50  5:22  Supply Depot  
  50  5:24  Marine x2, SCV  
  53  5:32  Raven  
  53  5:34  SCV  
  56  5:36  SCV  
  57  5:43  Siege Tank  
  57  5:46  SCV  
  57  5:47  Marine x2  
  57  5:48  SCV  
  64  5:55  Supply Depot  
  64  5:58  SCV  
  64  6:00  SCV  
  66  6:05  Command Center  
  66  6:14  Supply Depot  
  66  6:16  SCV  
  67  6:19  Siege Tank  
  67  6:21  Viking  
  67  6:23  SCV  
  69  6:35  SCV  
  58  6:42  Stimpack, Viking  
  58  6:43  SCV  
  53  6:47  SCV  
  53  6:51  Viking  
  53  6:55  Marine, SCV, Siege Tank  
  53  6:59  SCV  
  53  7:07  SCV  
  48  7:11  SCV  
  49  7:18  Marine  
  49  7:19  Orbital Command, SCV  
  49  7:22  Viking x2, Barracks  
  53  7:23  SCV  
  56  7:31  SCV  
  56  7:33  Barracks  
  56  7:34  Siege Tank  
  56  7:35  SCV  
  61  7:41  Refinery, Orbital Command  
  61  7:43  SCV  
  62  7:46  Engineering Bay  
  62  7:47  Engineering Bay  
  62  7:55  Viking x2  
  62  7:58  SCV  
  67  8:01  SCV  
  68  8:08  Siege Tank  
  68  8:10  SCV  
  68  8:12  SCV  
  73  8:13  SCV  
  74  8:21  Barracks Reactor  
  74  8:22  Barracks Reactor, SCV  
  74  8:24  SCV  
  76  8:29  SCV  
  76  8:30  Command Center, Barracks  
  76  8:31  Barracks  
  77  8:35  SCV  
  77  8:36  SCV, Missile Turret  
  77  8:38  Missile Turret  
  77  8:39  Missile Turret, Refinery  
  77  8:41  SCV  
  80  8:47  SCV  
  81  8:52  SCV  
  81  8:54  Sensor Tower  
  82  8:56  Supply Depot  
  82  8:57  Combat Shield  
  82  8:59  Marine  
  82  9:00  Marine x4, Medivac  
  82  9:02  SCV x2  
  91  9:06  SCV  
  91  9:09  Refinery, Terran Infantry Armor Level 1  
  92  9:10  Terran Infantry Weapons Level 1  
  92  9:14  SCV  
  93  9:17  Siege Tank  
  93  9:18  Barracks Reactor  
  93  9:21  Barracks Reactor  
  96  9:25  Barracks  
  96  9:26  SCV x2, Barracks  
  96  9:42  Medivac  
  96  9:43  Medivac, Marine x4  
  96  9:44  Marine  
  105  9:53  SCV  
  105  9:54  SCV, Missile Turret  
  105  9:59  Marine x4  
  111  10:01  Marine, Siege Tank  
  111  10:05  Factory  
  115  10:12  Supply Depot  
  115  10:13  Supply Depot  
  115  10:15  Barracks Reactor x2  
  115  10:19  Medivac  
  117  10:23  SCV  
  117  10:24  SCV  
  119  10:30  Marine x2  
  119  10:32  Planetary Fortress  
  119  10:33  Siege Tank  
  119  10:34  SCV  
  125  10:35  SCV  
  126  10:43  Missile Turret x2  
  126  10:49  Armory, SCV x3  
  129  10:50  Missile Turret  
  129  10:54  Missile Turret  
  129  10:57  Marine x2  
  129  10:58  Marine x2  
  129  10:59  Supply Depot  
  129  11:01  SCV x2  
  129  11:03  Factory Tech Lab  
  135  11:05  SCV, Barracks  
  135  11:08  Supply Depot  
  136  11:11  Missile Turret  
  136  11:13  SCV x2  
  136  11:17  Marine, SCV  
  140  11:20  Marine x2  
  140  11:25  SCV  
  143  11:26  SCV, Missile Turret  
  143  11:28  Refinery  
  143  11:29  SCV, Refinery  
  143  11:30  Missile Turret  
  145  11:37  Supply Depot, SCV  
  145  11:38  SCV  
  145  11:39  Supply Depot  
  147  11:41  SCV  
  148  11:47  Siege Tank  
  146  11:54  Supply Depot  
  146  11:55  Marine x12  
  146  11:58  Marine  
  157  12:08  Medivac  
  157  12:09  Medivac  
  157  12:13  Marine x10  
  161  12:17  SCV  
  161  12:19  Siege Tank  
  161  12:22  Marine x3  
  123  12:30  Marine  
  123  12:31  Marine x3  
  123  12:33  Marine  
  123  12:34  Marine, SCV  
  123  12:36  SCV  
  123  12:37  SCV  
  127  12:38  Medivac  
  123  12:46  SCV  
  123  12:48  SCV  
  123  12:49  SCV  
  125  12:52  Siege Tank  
  128  12:58  SCV  
  128  13:00  SCV  
  128  13:01  SCV  
  131  13:05  Supply Depot  
  131  13:06  Supply Depot  
  131  13:10  SCV  
  132  13:12  SCV  
  132  13:13  SCV  
  132  13:16  Marine  
  132  13:17  Terran Infantry Armor Level 2  
  135  13:20  Terran Infantry Weapons Level 2  
  135  13:23  SCV  
  135  13:24  Siege Tank  
  135  13:25  SCV x2  
  135  13:26  Terran Vehicle Weapons Level 1  
  141  13:31  Siege Tank, Barracks Reactor  
  144  13:35  SCV  
  144  13:37  SCV x2  
  147  13:46  Marine  
  147  13:47  Marine x10, SCV  
  159  13:49  SCV x2  
  159  13:53  Marine x2  
  154  13:56  Siege Tank  
  147  14:03  Siege Tank  
  147  14:04  Marine  
  147  14:05  Marine x4  
  147  14:07  Marine x3  
  139  14:14  Marine x3  
  127  14:28  Siege Tank  
  127  14:29  Marine x8  
  130  14:35  Siege Tank, Marine  
  130  14:36  Marine  
  130  14:37  SCV x2  
  127  14:54  Command Center  
  127  14:56  Factory, Command Center  
  127  14:57  Factory  
  127  15:00  Siege Tank  
  130  15:07  Siege Tank  
  130  15:11  Missile Turret  
  130  15:12  Missile Turret  
  134  15:15  Concussive Shells  
  133  15:26  Missile Turret  
  132  15:32  Siege Tank  
  134  15:39  Siege Tank  
  134  15:40  Marine x6  
  134  15:41  Marine  
  143  15:49  Marine  
  123  15:50  Marine x7  
  122  15:58  Marine x6  
  122  16:01  Factory Tech Lab x2  
  119  16:04  Siege Tank  
  119  16:07  Marine x5  
  119  16:08  Marine  
  125  16:14  Marine, Orbital Command  
  125  16:16  Marine x5  
  118  16:19  SCV  
  114  16:26  Terran Infantry Armor Level 3, Terran Infantry Weapons Level 3  
  114  16:28  Factory Tech Lab  
  114  16:36  Siege Tank  
  117  16:43  Siege Tank x2  
  117  16:44  Command Center  
  123  16:55  SCV x2  
  123  16:57  Marine  
  123  16:58  Marine x12  
  130  17:08  Siege Tank  
  130  17:14  Siege Tank  
  130  17:15  Siege Tank x2, Marine  
  141  17:16  Marine x7  
  141  17:19  Marine  
  141  17:20  Marine  
  139  17:24  Marine x3  
  108  17:33  Marine x3  
  108  17:34  Marine x5  
  101  17:37  Marine x2  
  101  17:40  Siege Tank  
  101  17:41  Marine  
  101  17:42  Marine x2  
  109  17:47  Siege Tank x2  
  109  17:51  Marine x3  
  107  17:54  Marine x5  
  107  17:55  Marine x2  
  107  17:57  SCV x2  
  109  17:59  Marine x3  
  106  18:09  SCV, Marine x3  
  106  18:10  Siege Tank  
  112  18:13  Siege Tank  
  112  18:19  Siege Tank x2  
  109  18:20  Marine  
  109  18:21  Marine x9  
  109  18:23  SCV  
  109  18:27  Marine x3  
  109  18:38  Marine x3  
  109  18:39  Marine x5  
  109  18:40  SCV  
  109  18:41  SCV  
  119  18:42  Siege Tank  
  119  18:45  Marine x3, Siege Tank  
  128  18:51  Siege Tank  
  128  18:54  Command Center  
  131  19:05  SCV x2  
  131  19:06  Command Center  
  132  19:14  Siege Tank  
  132  19:16  Marine  
  131  19:17  Siege Tank, SCV  
  131  19:23  Siege Tank  
  123  19:37  Marine x2  
  125  19:44  Medivac x2  
  129  19:46  Siege Tank  
  129  19:48  Factory Tech Lab  
  129  19:49  Siege Tank  
  135  19:55  Siege Tank, Marine  
  135  19:56  Marine x5  
  144  20:12  Marine x7  
  144  20:13  Marine  
  171  20:14  Medivac x2  
  145  20:20  Siege Tank  
  145  20:21  Siege Tank  
  149  20:27  Siege Tank  
  152  20:33  Marine  
  117  20:44  Medivac  
  107  20:53  Planetary Fortress  
  107  20:54  Barracks x2  
  107  20:56  Barracks  
  103  20:58  Missile Turret x2  
  103  20:59  Missile Turret  
  99  21:11  Marine  
  99  21:12  Marine x3  
  85  21:51  Marine x4  
  89  21:55  Siege Tank  
  89  21:56  Siege Tank  
  89  21:57  Barracks Reactor x3  
  89  22:00  Barracks  
  89  22:01  Barracks  
  93  22:03  Marine x2  
  92  22:09  Marine  
  92  22:10  Starport Reactor  
  66  22:29  SCV  
  70  22:33  Marine x6  
  70  22:34  Marine x4  
  70  22:35  Marine x2  
  82  22:50  Barracks Reactor x2  
Show
View Real Time Build Order
Export as new Build Order

IlIlIlIlIlIl Terran - Winner!

Build Orders: Reaper Expand 

Get SALT Encoding   

  8  0:00  SCV  
  9  0:12  SCV  
  10  0:24  SCV  
  11  0:29  Supply Depot  
  11  0:36  SCV  
  12  0:48  SCV  
  13  0:54  Barracks  
  13  1:00  Refinery  
  13  1:04  SCV  
  14  1:17  SCV  
  15  1:29  SCV  
  16  1:41  Orbital Command  
  16  1:45  Reaper, Refinery  
  17  2:06  SCV  
  18  2:18  SCV  
  18  2:19  Reaper  
  18  2:20  Command Center  
  20  2:31  Supply Depot  
  20  2:35  SCV  
  21  2:45  Factory  
  21  2:52  SCV  
  21  2:53  Barracks Reactor  
  22  3:03  Supply Depot  
  22  3:04  SCV  
  23  3:16  SCV  
  24  3:29  SCV  
  25  3:35  Factory Tech Lab  
  25  3:37  Marine x2  
  25  3:38  Starport  
  27  3:42  Bunker  
  27  3:46  Orbital Command  
  26  3:55  Marine x2  
  28  3:58  Cyclone  
  30  4:10  SCV  
  30  4:13  Marine x2  
  32  4:21  Starport Tech Lab  
  32  4:24  Orbital Command  
  32  4:30  Marine  
  32  4:31  Marine  
  29  4:40  Siege Tank  
  29  4:45  Raven  
  34  4:46  Interference Matrix  
  34  4:48  Marine x2  
  34  4:49  SCV  
  38  4:52  SCV  
  38  5:01  SCV  
  38  5:06  Supply Depot  
  39  5:12  Marine x2  
  39  5:13  Siege Tank  
  44  5:18  Supply Depot  
  44  5:19  Raven  
  46  5:21  SCV x2  
  48  5:31  Marine x2  
  48  5:34  SCV x2  
  52  5:40  Refinery  
  52  5:41  Supply Depot  
  52  5:46  SCV  
  55  5:52  SCV  
  54  6:05  SCV  
  54  6:06  Stimpack  
  54  6:07  Marine  
  54  6:09  Medivac x2  
  54  6:11  SCV  
  61  6:17  Barracks  
  61  6:18  Barracks x2  
  61  6:19  SCV  
  61  6:21  Engineering Bay  
  61  6:22  Engineering Bay  
  61  6:23  SCV, Refinery  
  63  6:29  Marine  
  63  6:31  SCV  
  64  6:35  SCV  
  58  6:47  Marine  
  52  7:05  Marine, Siege Tank  
  50  7:09  Terran Infantry Weapons Level 1, Terran Infantry Armor Level 1  
  50  7:13  Barracks Reactor x2, Barracks Tech Lab  
  50  7:14  SCV x2  
  52  7:18  Viking  
  52  7:19  Viking  
  56  7:23  Marine  
  56  7:26  SCV  
  56  7:27  SCV  
  59  7:35  Marine  
  60  7:38  Siege Tank, SCV  
  60  7:39  SCV  
  60  7:41  Marine  
  60  7:42  Supply Depot x2  
  66  7:51  SCV x2, Sensor Tower  
  68  7:53  Marine  
  69  7:58  Marine  
  69  8:01  Marine x4  
  69  8:05  Command Center  
  73  8:08  SCV x2  
  73  8:11  Marine  
  76  8:15  Viking  
  76  8:16  Marine  
  76  8:18  Viking, Marine  
  76  8:19  Marine x3  
  85  8:25  SCV x2  
  87  8:29  Marauder  
  87  8:31  Armory  
  88  8:34  Marine  
  88  8:36  Marine  
  90  8:43  Marine x2  
  90  8:44  Starport  
  90  8:46  SCV x2  
  94  8:50  Marauder  
  94  8:52  Marauder  
  98  9:01  Sensor Tower  
  98  9:16  Marine x4  
  98  9:17  SCV x2, Marauder x2  
  108  9:18  Supply Depot x2  
  108  9:20  Supply Depot  
  108  9:33  SCV x2  
  108  9:34  Marine  
  111  9:39  Marine, Barracks  
  111  9:40  Marauder  
  111  9:42  Barracks x2  
  114  9:52  Marauder  
  116  9:53  Marine x3  
  119  10:01  Marauder, Starport Reactor  
  119  10:02  Terran Infantry Weapons Level 2  
  119  10:03  Terran Infantry Armor Level 2  
  121  10:08  Marine  
  121  10:14  Marauder  
  125  10:17  Orbital Command  
  125  10:18  SCV  
  125  10:19  SCV  
  126  10:22  Marauder  
  126  10:27  Marine  
  126  10:28  Marine  
  129  10:30  Barracks Tech Lab  
  129  10:31  Barracks Tech Lab  
  129  10:32  Barracks Tech Lab  
  129  10:35  Marauder  
  132  10:39  Medivac  
  132  10:41  SCV  
  135  10:48  Supply Depot  
  135  10:50  Supply Depot  
  135  11:07  Combat Shield  
  135  11:09  Concussive Shells  
  135  11:10  Medivac x2, Marauder x2  
  143  11:12  Marine x3, Medivac, SCV x3  
  143  11:13  Command Center  
  143  11:18  Supply Depot  
  151  11:21  Supply Depot  
  151  11:24  SCV x3  
  154  11:27  Marauder  
  154  11:28  Marauder, Marine  
  159  11:39  Marine, Medivac, SCV, Marauder  
  165  11:50  Marauder  
  165  11:51  Marauder x3, Marine x2  
  165  11:52  Medivac x2  
  161  12:04  Marine  
  161  12:05  Marauder, Marine  
  161  12:07  SCV x2  
  167  12:08  Marine  
  167  12:09  Marine  
  167  12:11  Marine  
  167  12:12  Marine x2, Marauder  
  161  12:22  Marine  
  144  12:23  Marine  
  144  12:26  Marauder  
  144  12:28  Marine  
  144  12:29  Marine x3  
  136  12:30  Marauder  
  136  12:33  Marine  
  113  12:37  Viking x2  
  113  12:38  Medivac x2  
  113  12:40  Marine x2  
  117  12:46  Marine  
  117  12:47  Marine, Marauder  
  117  12:48  Marauder x2  
  117  12:50  Marine, SCV  
  117  12:51  Marine, SCV  
  127  12:56  Planetary Fortress  
  127  12:58  Marine x2, SCV  
  129  13:04  Marine  
  129  13:05  Terran Infantry Weapons Level 3  
  130  13:08  Terran Infantry Armor Level 3  
  130  13:09  Marauder x2  
  130  13:23  Marauder  
  130  13:26  SCV x3  
  135  13:27  Marauder  
  135  13:28  Marine x4, Marauder  
  135  13:30  Medivac x4, Marauder x2  
  155  13:34  Barracks  
  155  13:37  Barracks  
  155  13:40  SCV x3  
  158  13:44  Marine  
  159  13:52  Command Center  
  140  14:06  Marine, Marauder x2  
  140  14:07  Marauder, Marine x5  
  139  14:20  Medivac  
  139  14:21  Medivac x3  
  147  14:24  Marine x3  
  147  14:26  Marine, Marauder x2  
  147  14:27  Marine x5  
  137  14:42  Marine x3  
  137  14:44  Marine x3  
  137  14:45  Marine x2  
  139  14:46  SCV x2, Marauder  
  139  14:47  Marine x2  
  139  14:48  SCV  
  139  14:49  SCV  
  148  14:57  Refinery x2  
  148  14:58  SCV  
  149  15:00  Marine x3  
  149  15:02  Marine x2  
  149  15:05  Marine  
  149  15:06  Marine x4  
  149  15:07  Marine  
  159  15:13  Supply Depot  
  160  15:14  Supply Depot  
  160  15:17  Marine  
  160  15:18  Barracks x2, Marine x2  
  160  15:19  Medivac x2, Marine  
  160  15:20  Marine  
  169  15:23  Marine  
  169  15:24  Marine x5  
  175  15:35  Marine  
  172  15:45  Marine  
  172  15:46  Marauder x2, Marine x7  
  179  15:53  Marine  
  166  16:02  Medivac x3  
  166  16:03  Marine  
  166  16:04  Marine x6, Marauder  
  173  16:06  Marine  
  173  16:07  Marine  
  173  16:11  Marine  
  166  16:21  Marine x5  
  166  16:22  Marine, Marauder  
  166  16:24  Marine x2  
  166  16:25  Marine  
  170  16:29  Marine  
  168  16:39  Marine x4  
  162  16:41  Marine  
  162  16:42  Marauder, Marine x2  
  162  16:43  Marine x2  
  162  16:44  SCV x2  
  162  16:46  Marine  
  172  16:50  Liberator  
  172  16:51  Liberator  
  172  16:54  SCV x2  
  179  16:57  Marine x4  
  179  16:59  Marine  
  179  17:00  Marine x2  
  179  17:01  Marine, Marauder  
  187  17:03  Marine  
  187  17:04  Marine  
  175  17:14  Marine  
  175  17:15  Marine x3  
  175  17:17  Marine  
  175  17:18  Marine x2  
  175  17:19  Marine  
  175  17:20  Marine  
  135  17:37  Marine x7, Marauder  
  135  17:38  Marine x3  
  146  17:55  Marine x9  
  146  17:56  Marine  
  146  17:58  Marine  
  133  18:12  Marine  
  133  18:13  Marine x8  
  133  18:14  Marauder  
  133  18:16  Marine  
  128  18:30  Marine  
  128  18:31  Marine x8, Siege Tank  
  128  18:33  Medivac x4  
  128  18:34  Marine  
  148  18:35  Marine  
  148  18:38  SCV x2  
  152  18:46  Refinery  
  152  18:48  Refinery, Marine  
  152  18:49  Marine x7, Terran Vehicle Weapons Level 1, Marauder  
  152  18:52  Marine  
  152  18:53  Marine  
  152  18:54  SCV  
  152  18:55  Refinery  
  165  18:56  SCV  
  165  18:57  Refinery  
  166  19:03  Medivac x4  
  166  19:06  Marine x6  
  166  19:07  Marine, Marauder  
  166  19:09  Marine  
  177  19:10  Marine  
  177  19:11  Marine  
  179  19:24  Marine x7  
  171  19:27  Marine  
  171  19:28  Marine x2  
  171  19:29  Marine  
  151  19:33  Medivac x2  
  151  19:41  Marine  
  151  19:42  Marine x5  
  151  19:43  Marauder  
  151  19:45  Marine  
  158  19:46  Marine x3  
  158  19:52  SCV x2  
  163  19:55  Command Center  
  163  19:57  Command Center  
  163  19:58  Command Center  
  163  19:59  Marine  
  164  20:00  Marine x5  
  164  20:03  Marine  
  164  20:04  Marine x4  
  164  20:05  Command Center  
  173  20:17  Marine  
  173  20:18  Marine x3  
  160  20:33  Marine  
  160  20:34  Marauder, Marine x4  
  160  20:35  Marine x4  
  134  20:43  Medivac  
  132  20:51  Marine  
  132  20:52  Marine x4  
  132  20:53  Marine x4  
  132  20:55  Marine  
  141  21:09  Marine  
  141  21:10  Marine x2, Marauder  
  141  21:11  Marine x3  
  148  21:30  Orbital Command x2  
  148  21:32  Planetary Fortress  
  136  21:58  Marine x8, Marauder  
  126  22:15  Marine  
  126  22:16  Marine x5  
  115  22:28  SCV x2  
  117  22:32  Orbital Command  
  117  22:36  Marine  
  118  22:37  Marine x8  
  118  22:43  SCV x2  
Tags
 
Add a new tag
Caveats
  • Supply blocks, unpowered buildings, or Contaminate may cause inaccurate times.
  • Supply counts are checked every 10 seconds.